 Dungeon Crawl Stone Soup version 0.27.1-33-g824d729ab1 (webtiles) character file.

Game seed: 14074970671018495056

134 zeram the Covert (level 5, -1/51 HPs)
             Began as an Octopode Brigand on Dec 22, 2021.
             Slain by a gnoll sergeant (13 damage)
             ... on level 3 of the Dungeon.
             The game lasted 00:03:58 (4330 turns).

zeram the Covert (Octopode Brigand)                 Turns: 4330, Time: 00:03:58

Health: -1/51      AC: 22    Str: 10    XL:     5   Next: 17%
Magic:  5/5        EV:  2    Int: 14    God:
Gold:   65         SH:  0    Dex: 14    Spells: 4/4 levels left

rFire    . . .     SeeInvis .   a - +2 dagger
rCold    . . .     Faith    .   (no shield)
rNeg     + + +     Spirit   .   (helmet currently unavailable)
rPois    +         Reflect  .   (no amulet)
rElec    .         Harm     .   (no ring)
rCorr    .         Rampage  .   (no ring)
Will     .....     NoTele   +   (no ring)
Stlth    ++++......             (no ring)
HPRegen  0.17/turn              (no ring)
MPRegen  0.09/turn              (no ring)
                                (no ring)
                                (no ring)

@: tree-form
A: stationary, stasis, torment immunity, boosted hp, almost no armour,
(amphibious), 8 rings, (camouflage 1), (gelatinous body 1), (nimble swimmer 1),
(tentacles)
a: no special abilities


You were on level 3 of the Dungeon.
You were a tree.
You visited 1 branch of the dungeon, and saw 4 of its levels.

You collected 65 gold pieces.

Inventory:

Hand Weapons
 a - a +2 dagger (weapon)
Missiles
 b - 20 poisoned darts (quivered)
 c - 2 curare-tipped darts
Jewellery
 h - an amulet of guardian spirit
Wands
 f - a wand of mindburst (12)
Potions
 e - a potion of magic


   Skills:
 - Level 2.0 Fighting
 - Level 2.0 Short Blades
 - Level 2.0 Throwing
 - Level 1.0 Dodging
 + Level 8.8 Stealth


You had 4 spell levels left.
You didn't know any spells.
Your spell library was empty.

Dungeon Overview and Level Annotations

Branches:
Dungeon (4/15)
 Temple: D:4-7

Altars:
Ashenzari


Innate Abilities, Weirdness & Mutations

You are a tree.
Your roots penetrate the ground, keeping you stationary.
You cannot be teleported.
You are immune to unholy pain and torment.
Your maximum health is greatly increased.
You cannot wear most types of armour.
((You are amphibious.))
You can wear up to eight rings at the same time.
((Your skin changes colour to match your surroundings (Stealth+).))
((Your rubbery body absorbs attacks. (AC +1, EV +1)))
((You are camouflaged near water. (Stealth+)))
((You have tentacles for arms and can constrict up to eight enemies at once.))


Message History

HP restored.
You see here a +0 club.
There is a stone staircase leading up here.
You see here a +0 short sword.
d - a glowing green potion You see here a +0 short sword.
Things that are here:
a +0 leather armour; a +0 club You see here a +0 dagger.
There is an open door here.
You now have 65 gold pieces (gained 14).
Done exploring.
Done exploring.
Done exploring.
Done exploring.
Done exploring.
(D) Dungeon
Where to? (Enter - D:4, ? - help)
There is an open door here.
You see here a +0 dagger.
Things that are here:
a +0 leather armour; a +0 club
There is a stone staircase leading down here.
You climb downwards.
There is a stone staircase leading up here.
There are monsters nearby!
There are monsters nearby!
There are monsters nearby!
The gnoll hits you from afar with a +0 spear.
The gnoll sergeant hits you with a +0 trident!
There is a stone staircase leading up here.
The gnoll hits you from afar with a +0 spear.
The gnoll sergeant hits you with a +0 trident!
* * * LOW HITPOINT WARNING * * *
You climb upwards.
There is a stone staircase leading down here.
It was a potion of lignification.
You turn into a tree.
Your roots penetrate the ground.
The gnoll sergeant hits you with a +0 trident!
You die...

..###.#.#.##..##.#.##.###.##.#.#
......#.#.#......#.##.###.##.#)#
......#.#.#.#.##.#.##.....##.#.#
....#.#.#.#.#......#####.....#.##
..#.#.#.#.#.##.#.#######.#####...
..#.#.#.#.#.#....#.......###.....
..#.#.#.#.#.#.#..#.#######.##....
......#.#.#.#.#g.#.# #..##...
..#.#.#.#.#.#.#.♣#.# #...##..
..#.###.#...#.####.# ##....##.
..#.# #.#.#.#.# #.######......##
###.###.#.#.#.####..............#
#.......)..[..................#
#######.#.#.#.###################
..........[...).................#
#########.#.#..................##
#...#.#.................##.


You could see a gnoll sergeant.

Vanquished Creatures
  An orc wizard (D:3)
  A hound skeleton (D:2)
  3 gnolls
  An adder (D:3)
  A worm (D:2)
  2 dart slugs
  3 orcs (D:3)
  4 bats
  6 endoplasms
  3 giant cockroaches
  5 hobgoblins
  6 kobolds
  A ball python (D:2)
  4 frilled lizards
  7 goblins
  4 rats
52 creatures vanquished.

Notes
Turn   | Place    | Note
-------+----------+-------------------------------------------
     0 | D:1      | zeram the Octopode Brigand began the quest for the Orb.
     0 | D:1      | Reached XP level 1. HP: 14/14 MP: 1/1
   199 | D:1      | Reached XP level 2. HP: 19/19 MP: 2/2
   208 | D:1      | Reached skill level 6 in Stealth
  1295 | D:2      | Reached XP level 3. HP: 16/24 MP: 3/3
  1523 | D:2      | Reached skill level 7 in Stealth
  2454 | D:3      | Reached XP level 4. HP: 29/29 MP: 4/4
  3213 | D:3      | Reached skill level 8 in Stealth
  3458 | D:3      | Found a broken altar of Ashenzari.
  3822 | D:4      | Noticed a gnoll sergeant
  3826 | D:4      | Reached XP level 5. HP: 18/34 MP: 5/5
  4330 | D:3      | Slain by a gnoll sergeant

Illustrated notes

Levels and vault maps discovered:
D:1:      dpeg_arrival_refuge, layout_loops_corners, minivault_27
D:2:      layout_basic, lemuel_another_geyser
D:3:      layout_basic, nicolae_ashenzari_panopticon, st_stairs_12
D:4:      old_forge, layout_basic, kennysheep_dice

Skill      XL: |  1  2  3  4 |
---------------+-------------+-----
Stealth        | 6 7 8 |  8.8
Fighting       | |  2.0
Short Blades   | |  2.0
Throwing       | |  2.0
Dodging        | |  1.0

Action                   |  1- 3 |  4- 6 || total
-------------------------+-------+-------++-------
Melee: Dagger            |    59 |    41 ||   100
       Constrict         |    12 |     8 ||    20
       Tentacles         |    10 |     5 ||    15
  Use: Scroll            |     5 |     4 ||     9
       Potion            |       |     1 ||     1
 Stab: Sleeping          |    17 |     5 ||    22
       Distracted        |       |     1 ||     1
Armor: Skin              |     1 |     4 ||     5
Dodge: Dodged            |    14 |    14 ||    28
